Map: Acid Plant LE

Players

Ryosis - Winner!

  • Race: Zerg Zerg
  • Spawn Location: 5:00

Okaneby

  • Race: Terran Terran
  • Spawn Location: 11:00

Event: WCS Valencia 2018

VOD

Have the link to the VOD?

Description

Time

  • Played on: July 12, 2018, 7:23 a.m.
  • Length: 6:38

All games in this series

Show
View Real Time Build Order
Export as new Build Order

Ryosis Zerg - Winner!

Build Orders: Pool First 

Get SALT Encoding   

  12  0:01  Drone  
  13  0:13  Overlord  
  13  0:17  Drone  
  14  0:31  Drone  
  14  0:32  Drone  
  14  0:35  Drone  
  17  0:45  Spawning Pool  
  17  0:47  Drone  
  17  1:08  Hatchery  
  17  1:11  Drone  
  17  1:24  Extractor  
  16  1:32  Zergling x6, Queen  
  21  1:43  Overlord  
  21  1:53  Drone  
  22  2:03  Roach Warren  
  22  2:08  Queen  
  23  2:18  Overlord  
  23  2:46  Roach x5  
  34  2:51  Roach  
  34  2:57  Roach  
  34  3:01  Drone  
  35  3:07  Drone  
  36  3:13  Drone  
  36  3:14  Drone  
  36  3:17  Drone  
  39  3:21  Drone  
  39  3:22  Ravager  
  41  3:29  Drone  
  41  3:30  Drone  
  43  3:34  Drone  
  44  3:42  Overlord  
  44  4:00  Queen  
  46  4:03  Hatchery  
  46  4:07  Drone  
  46  4:10  Drone  
  46  4:11  Drone  
  46  4:15  Drone x2  
  50  4:18  Zergling x2  
  50  4:23  Overlord  
  51  4:28  Drone  
  52  4:32  Overlord  
  52  4:36  Lair  
  52  4:44  Drone x2  
  54  4:46  Drone x3  
  54  4:49  Extractor  
  54  4:50  Drone  
  57  4:53  Drone  
  57  4:58  Drone  
  59  5:00  Extractor  
  59  5:04  Overlord, Roach  
  59  5:05  Roach  
  62  5:11  Overlord  
  62  5:14  Roach x2  
  66  5:21  Queen  
  66  5:25  Drone x2  
  66  5:26  Drone  
  71  5:29  Drone  
  71  5:32  Ravager x2  
  71  5:33  Roach  
  76  5:36  Roach  
  78  5:45  Drone  
  78  5:47  Overlord  
  78  5:48  Drone  
  80  5:52  Drone  
  80  5:53  Evolution Chamber  
  80  5:54  Drone  
  80  5:55  Drone  
  82  5:58  Drone  
  82  5:59  Drone  
  82  6:02  Drone  
  82  6:04  Drone  
  86  6:05  Overlord  
  86  6:08  Roach  
  86  6:11  Roach  
  88  6:18  Roach x3  
Show
View Real Time Build Order
Export as new Build Order

Okaneby Terran 

Build Orders:  

Get SALT Encoding   

  12  0:01  SCV  
  13  0:13  SCV  
  14  0:17  Supply Depot  
  14  0:25  SCV  
  15  0:40  Barracks  
  15  0:43  Refinery  
  15  0:45  SCV  
  16  0:57  Barracks  
  16  1:01  SCV  
  17  1:16  Barracks  
  17  1:23  Refinery  
  17  1:29  Reaper  
  18  1:33  SCV  
  19  1:45  Reaper  
  20  1:50  Supply Depot  
  20  1:52  SCV  
  21  2:02  Reaper  
  21  2:07  Reaper  
  23  2:14  Supply Depot  
  23  2:18  Reaper  
  24  2:28  SCV  
  25  2:34  Reaper  
  26  2:49  Reaper  
  27  2:55  SCV  
  28  3:08  Reaper  
  28  3:12  Orbital Command  
  28  3:15  Factory, Reaper  
  29  3:32  Barracks Tech Lab  
  29  3:58  Command Center  
  29  4:00  Stimpack  
  29  4:01  Marine x2  
  29  4:02  Marine  
  30  4:05  Factory Tech Lab  
  30  4:09  SCV  
  31  4:19  Marine, Reaper  
  31  4:23  Marine  
  34  4:26  SCV  
  34  4:30  Siege Tank  
  38  4:36  Supply Depot  
  38  4:39  SCV  
  39  4:57  SCV, Marine x3  
  39  4:58  Supply Depot  
  43  5:09  SCV  
  44  5:16  Marine x3, Siege Tank  
  50  5:24  Orbital Command  
  50  5:30  SCV  
  50  5:34  Marine x2  
  53  5:36  Marine  
  53  5:42  SCV  
  55  5:51  Marine  
  55  5:52  Marine  
  55  5:54  Marine  
  58  5:59  SCV x2  
  60  6:05  Supply Depot  
  60  6:10  Marine x2  
  62  6:11  Supply Depot  
  62  6:12  Marine  
Tags
 
Add a new tag
Caveats
  • Supply blocks, unpowered buildings, or Contaminate may cause inaccurate times.
  • Supply counts are checked every 10 seconds.